 Dungeon Sprint DCSS version 0.25.1-1-g288607f5aa (webtiles) character file.

Game seed: 13760656406925681615

608 jt the Cleaver (level 7, -1/50 (52) HPs)
             Began as a Formicid Fighter on July 26, 2020.
             Slain by a hippogriff (6 damage)
             ... in the Dungeon (Sprint II: "The Violet Keep of Menkaure").
             The game lasted 00:02:23 (609 turns).

jt the Cleaver (Formicid Fighter)                    Turns: 609, Time: 00:02:23

HP:   -1/50 (52)    AC:  6    Str: 22    XL:     7   Next: 71%
MP:   7/7           EV:  9    Int:  8    God:
Gold: 113           SH: 11    Dex: 10    Spells: 6/6 levels left

rFire    . . .     SeeInvis +   a - +0 war axe
rCold    . . .     Gourm    .   c - +0 kite shield
rNeg     . . .     Faith    .   b - +0 scale mail
rPois    .         Spirit   .   (helmet unavailable)
rElec    .         Reflect  .   (no cloak)
rCorr    .         Harm     .   (no gloves)
MR       .....                  (no boots)
Stlth    ..........             (no amulet)
HPRegen  0.16/turn              (no ring)
MPRegen  0.10/turn              (no ring)

@: lightly drained
A: permanent stasis, dig shafts and tunnels, four strong arms, antennae 3
a: Dig


You were in the Dungeon.
You were not hungry.

You visited 1 branch You collected 243 gold pieces.
You spent 130 gold pieces at shops.

Inventory:

Hand Weapons
 a - a +0 war axe (weapon)
 g - a +0 whip
Armour
 b - a +0 scale mail (worn)
 c - a +0 kite shield (worn)
Scrolls
 k - a scroll of blinking
Potions
 d - 2 potions of heal wounds
 e - a potion of curing
 h - a potion of haste
 i - 2 potions of magic
 j - a potion of berserk rage
Comestibles
 f - a ration


   Skills:
 - Level 3.2(2.8) Fighting
 + Level 13.6(13.1) Axes
 - Level 3.2(2.8) Armour
 - Level 9.0(8.5) Shields


You had 6 spell levels left.
You didn't know any spells.
Your spell library was empty.

Dungeon Overview and Level Annotations

Branches:
Dungeon (1/1)

Altars:

Shops:
D *:?=[[:!:=!(=[%}

Annotations:
D exclusion: oklob plant


Innate Abilities, Weirdness & Mutations

You cannot be hasted, slowed, berserked, paralysed or teleported.
You can dig through walls and to a lower floor.
Your four strong arms can wield two-handed weapons with a shield.
You have a pair of large antennae on your head. (SInv)


Message History

You block the hippogriff's attack. x2
The hippogriff claws you but does no damage.
You slash the hippogriff!
The hippogriff is severely wounded.
The hippogriff bites you. You block the hippogriff's attack.
The hippogriff claws you but does no damage.
You barely miss the hippogriff.
The hippogriff is severely wounded.
You barely miss the hippogriff.
The hippogriff is severely wounded.
The hippogriff bites you.
* * * LOW HITPOINT WARNING * * *
The hippogriff pecks you.
* * * LOW HITPOINT WARNING * * *
The hippogriff claws you.
* * * LOW HITPOINT WARNING * * *
You barely miss the hippogriff.
The hippogriff is severely wounded.
The hippogriff closely misses you. The hippogriff pecks you.
You die...

#########≈≈≈...
∩.∩.....#≈≈≈≈. {
.∩.∩....#≈≈≈≈#
..∩.∩...#≈≈≈≈ {{ {{
...∩.∩..#≈≈### ##
....∩.⌠.#≈##.###+#
#.# {
...∩.∩..#≈#...##.##.#
..∩.∩...'≈'##.'.<.+#
{
.∩.∩....#†#...##@###
▓▓▓▓▓▓###≈##.###H#
$HY######≈≈### .#H
?[H#h{ ##≈≈≈#.# #.
∩P{+$.# #'#≈## ##
?..#{##§##.#≈≈#
$.$###SS≈### ≈≈≈
#+###≈≈≈≈ +++# §


You could see 2 hippogriffs.

Vanquished Creatures
  A neqoxec (D)
  Menkaure (D)
  4 necrophages (D)
  A hell rat (D)
7 creatures vanquished.

Vanquished Creatures (others)
  2 neqoxecs (D)
  A crocodile (D)
3 creatures vanquished.

Grand Total: 10 creatures vanquished

Notes
Turn   | Place    | Note
-------+----------+-------------------------------------------
     0 | D        | jt the Formicid Fighter began the quest for the Orb.
     0 | D        | Reached XP level 1. HP: 18/18 MP: 1/1
     1 | D        | Noticed a neqoxec
     6 | D        | Killed a neqoxec
     6 | D        | Reached skill level 7 in Axes
     6 | D        | Reached XP level 2. HP: 11/24 MP: 2/2
     6 | D        | Reached XP level 3. HP: 13/29 MP: 3/3
     6 | D        | Reached XP level 4. HP: 16/35 MP: 4/4
     6 | D        | Reached XP level 5. HP: 19/41 MP: 5/5
    10 | D        | Noticed a hippogriff
    10 | D        | Noticed a hippogriff
    13 | D        | Noticed a necrophage
    13 | D        | Noticed a necrophage
    13 | D        | Noticed a necrophage
    13 | D        | Noticed a necrophage
    20 | D        | Killed a neqoxec
    24 | D        | Killed a necrophage
    24 | D        | Reached skill level 9 in Axes
    24 | D        | Reached XP level 6. HP: 15/46 MP: 6/6
    29 | D        | Killed a necrophage
    29 | D        | Reached skill level 11 in Axes
    35 | D        | Killed a necrophage
    35 | D        | Reached skill level 12 in Axes
    35 | D        | Reached XP level 7. HP: 10/50 MP: 7/7
    47 | D        | Killed a neqoxec
   322 | D        | Found Egrauros's Gadget Shop.
   322 | D        | Found Rysaf's Distillery.
   322 | D        | Found Rejar's Jewellery Boutique.
   322 | D        | Found Ylueg's Jewellery Boutique.
   322 | D        | Found Ten Jics's Food Boutique.
   322 | D        | Found Tate Rub's Book Shop.
   322 | D        | Found Ahakelah's Antique Weapon Shop.
   322 | D        | Found Buud's Distillery.
   323 | D        | Found Vanoree's Antique Armour Shop.
   323 | D        | Found Caimm's Book Boutique.
   323 | D        | Found Avaraupn's Antique Armour Boutique.
   323 | D        | Noticed a death yak
   324 | D        | Found Enuer's Armour Shop.
   325 | D        | Noticed Menkaure
   325 | D        | Noticed a manticore
   339 | D        | Killed Menkaure
   339 | D        | Reached skill level 13 in Axes
   342 | D        | Found Umilic's Jewellery Boutique.
   342 | D        | Found Zenn's Magic Scroll Shop.
   342 | D        | Noticed an oklob plant
   343 | D        | Found Mugh's Book Shoppe.
   343 | D        | Found Heaps's General Store.
   344 | D        | Noticed a manticore
   345 | D        | Noticed a manticore
   347 | D        | Noticed a hell hog
   347 | D        | Noticed a hell hog
   370 | D        | Bought 2 potions of heal wounds for 100 gold pieces
   370 | D        | Bought a potion of curing for 30 gold pieces
   609 | D        | Slain by a hippogriff

Illustrated notes

Levels and vault maps discovered:
D:        the_violet_keep_of_menkaure [sprint2_stairs_cluster_1,
          sprint2_shoproom, sprint2_temple, sprint2_basic_supplies,
          sprint2_obstacle_4, sprint2_obstacle_2, sprint2_obstacle_6,
          sprint2_obstacle_5, sprint2_obstacle_1, sprint2_timed_cluster_1,
          sprint2_smallroom_cluster_1, sprint2_smallroom_final_cluster_1,
          sprint2_transparent_cluster_1, sprint2_second_timed_cluster_1,
          sprint2_sniper_area_1, sprint2_heavy_combat_area_1,
          sprint2_mutation_trap_area_1, sprint2_forest_area_1,
          sprint2_light_combat_area_1, sprint2_behind_water_1,
          sprint2_near_end_vault_1]

Skill      XL: |  1  2  3  4  5  6  7 |
---------------+----------------------+-----
Axes           | 7 9 12 13 | 13.6
Shields        | 9 |  9.0
Fighting       | |  3.2
Armour         | |  3.2

Action                   |  1- 3 |  4- 6 |  7- 9 || total
-------------------------+-------+-------+-------++-------
Melee: War axe           |     2 |    21 |    34 ||    57
  Use: Potion            |     2 |     1 |       ||     3
Armor: Scale mail        |       |     2 |     9 ||    11
Dodge: Dodged            |       |     6 |    10 ||    16
Block: Kite shield       |       |     4 |    16 ||    20
